[Event "EU-ch 12th"]
[Site "Aix les Bains"]
[Date "2011.03.26"]
[Round "5"]
[White "Mikhalevski, Victor"]
[Black "Roeder, Mathias"]
[Result "1-0"]
[ECO "E18"]
[WhiteElo "2584"]
[BlackElo "2414"]
[Annotator "Marchand,A/Primel,D"]
[PlyCount "90"]
[EventDate "2011.03.22"]
[EventType "swiss"]
[EventRounds "11"]
[EventCountry "FRA"]
[SourceTitle "CBM 142 Extra"]
[Source "ChessBase"]
[SourceDate "2011.06.27"]
[SourceVersion "1"]
[SourceVersionDate "2011.06.27"]
[SourceQuality "1"]
[TimeControl "40/5400+30:1800+30"]

1. d4 Nf6 2. c4 e6 3. Nf3 d5 4. g3 Be7 5. Bg2 O-O 6. Qc2 (6. O-O {La grande
ligne de la Catalane}) 6... b6 {Retombe sur une Ouest-Indienne mais l'ordre de
coups des Noirs est assez douteux} (6... c5 $142) (6... c6 $142) 7. O-O Bb7 (
7... c6 {Plus souple}) 8. cxd5 $1 {L'Ouest-Indienne avec d7d5 n'a pas trés
bonne réputation théorique} exd5 (8... Nxd5 {Plus souple} 9. Nc3 $14 (9. a3 Nd7
10. e4 N5f6 11. Nc3 c5 12. d5 $5 (12. Rd1) 12... exd5 13. exd5 Nxd5 14. Nh4 $44
) 9... Nd7 10. Nxd5) 9. Nc3 (9. Bf4 Na6) 9... Nbd7 10. Bf4 (10. Rd1 {L'alternative} c5 11. Bf4 $14) 10... a6 $6 {trop passif}
(10... c6 $142 {Nguyen,N (2530)-Bui Vinh (2466) Budapest FS09 GM 2007 (5) 1/2})
(10... c5) 11. Rac1 $16 Re8 (11... c5 12. Rfd1 ) 12. Rfd1 Nf8 {[%csl Rf8][%cal Gf8e6,Ge6f4,Gf8g6,Gg6f4] La
position Noire est très passive} (12... Bd6 $5 13. Bxd6 cxd6 $13 {[%csl Gc4,
Gc5,Ge4,Ge5] Les P doublés sont plutôt forts en millieu de partie en
protégeant des cases centrales}) (12... Rc8) 13. Na4 $1 $146 ({RR} 13. Nh4 Ne6 14. Nf5 Nxf4 15. Nxe7+ Qxe7 16. gxf4 Rad8 17. e3 Rd6
18. Ne2 Rc6 19. Qb3 Rc4 20. Ng3 h5 21. Qd3 g6 22. b3 Rxc1 23. Rxc1 Bc8 24. h3
h4 25. Nf1 Ne4 26. Nd2 g5 27. Nxe4 dxe4 {Nasir Ali,S (2190)-Chokshi,M (2248)/
Chennai 2004/CBM 098 ext/1/2-1/2 (40)}) 13... c6 {Autant le jouer au 10ème
coup!} 14. Ne5 $36 b5 $6 (14... Rc8 15. Bh3 $1
Ne6 16. Qb3 b5 17. Bxe6 fxe6 18. Nc5 ) 15. Nc5 Bxc5 {
[%csl Gf4] L'allemand va maintenant souffrir sur cases Noires} 16. Qxc5 (16. dxc5 $5 g5 17. Nxc6 $1 Bxc6 18. Bxg5 Re5 (18... N8d7 19. Bxd5)
19. f4 Rxg5 20. fxg5 Ng4 21. Qd2 ) 16... Ne6 17. Qc2 Nxf4 {Récupère la paire de B mais le Ne5 sera difficile а déloger.} 18.
gxf4 Re6 19. Rd3 $1 {[%cal Gd3g3] Les Blancs ont davantage
d'espace pour manoeuvrer} Rd6 20. Rg3 Rc8 21. Kh1 $1 Nh5 22. Rh3 g6 23. f5 $1 Rc7 24. Rg1 $40 Nf4 (24... Ng7 ) 25. Rf3 Nxg2 $6 {Accelère l'attaque des Blancs sur la colonne
"g" et le N va manquer en défense} (25... Nh5 {Un moindre mal}) 26. Rxg2 c5 $2
(26... Bc8 ) 27. Qd2 $2 (27. fxg6 hxg6 28. Nxg6 $1 $18 ) 27... cxd4 28. Nd3 {Les Blancs étaient
peut-être en zeitnot car non seulement, ils ont raté un gain mais ils vont
laisser les Noirs revenir dans la partie} (28. Qh6 $142 f6 29. fxg6 $1) 28... Qh4 $1 29. Rf4 Qh6 $1 $13 30. Ne5 Rc2 $5
(30... d3 $1 31. Nxd3 d4 $44 ) 31. fxg6 $1 {L'expérimenté GMI ne panique pas} hxg6 (31... Rxd2 32.
gxf7+ Kf8 33. Rg8+) 32. Qxd4 Rc1+ (32... f5
$5) 33. Rg1 Rc4 (33... Rc7 $142 ) 34. Nxf7 $1 Qxf4 35. Qxf4 Rxf4
36. Nxd6 $18 Bc6 {Il est instructif de voir que ce B n'a joué aucun rôle actif
dans la partie} 37. Rxg6+ Kh7 38. Re6 d4+ 39. Kg1 Bd5 40.
Re7+ Kg6 41. Ra7 $1 Rf6 42. Rxa6 Re6 43. e3 Bc4 44. exd4 Kh5 45. f3 b4 1-0

[Event "Sautron op 13th"]
[Site "Sautron"]
[Date "2013.10.27"]
[Round "2"]
[White "Roiz, Michael"]
[Black "Nguyen, Chi Minh"]
[Result "1/2-1/2"]
[ECO "E18"]
[WhiteElo "2614"]
[BlackElo "2389"]
[Annotator "Primel,D"]
[PlyCount "49"]
[EventDate "2013.10.26"]
[EventType "swiss"]
[EventRounds "9"]
[EventCountry "FRA"]
[SourceTitle "EXT 2014"]
[Source "ChessBase"]
[SourceDate "2013.11.20"]
[SourceVersion "1"]
[SourceVersionDate "2013.11.20"]
[SourceQuality "1"]
[TimeControl "40/5400+30:1800+30"]
[WhiteClock "1:30:00"]
[BlackClock "1:30:00"]

1. c4 e6 2. Nf3 Nf6 3. Nc3 b6 {[%emt 0:06:14] Une petite
hésitation du français} (3... Bb4 4. Qc2 (4. g4 $5)) (3... d5) (3... c5) 4.
g3 Bb7 5. Bg2 Be7 6. O-O O-O 7. d4 {[%emt 0:00:26]
Retombe sur une Ouest-Indienne mais l'ordre des coups des Blancs permet
d'éviter la variante Ba6} (7. Re1 {[%cal Ge2e4] L'alternative}) 7... Na6 {
[%emt 0:00:35][%cal Gd7d5] Une variante solide souvent jouée par Tiviakov} (
7... Ne4 {La grande ligne} 8. Qc2) (7... d5 $143 8. Ne5 $16) 8. b3 (8. Bf4) 8... d5 9. Ne5 (9.
Bb2 c5 10. Ne5 $14 Re8 (10... Nc7 11. Rc1)) 9... c5 (9... c6 {
Plus solide mais aussi plus passif} 10. Bb2 Nd7 11. Nd3 $14 {Andersson,U (2605)
-Tiviakov,S (2575) Haninge 1992 (7) 1/2}) 10. Bb2 (10. Bf4)
10... Qb8 (10... Nc7 11. Rc1 Rc8 12.
dxc5 $14 {Smyslov,V (2565)-Psakhis,L (2615) Las Palmas Interzonal 1982 (7) 1-0}
) 11. cxd5 exd5 12. e3 (12.
Nd3 Rd8 13. Rc1 $32 {[%csl Ra8];Llorente Zaro,A (2324)-Narciso Dublan,M (2464)
Pamplona op 2005 (4) 1/2}) 12... Rd8 13. Ne2 {[%emt 0:13:12]
Les deux adversaires sont hors préparation} (13. Rc1) 13... Nb4 $5 $146 {
[%emt 0:04:28] Un plan original car le N est plus souvent recyclé vers c7 et
e6} (13... Qd6 14. Nf4 Nc7 15. Rc1 Ne6 16. Re1 Bf8 17. Nh5 Nxh5 18. Qxh5 Qe7 {
1/2-1/2 (18) Furman,S (2535)-Huebner,R (2600) Bad Lauterberg 1977}) (13... Nc7
14. Nf4 Ne6) 14. Nf4 (14. a3 Nc6 15. Nf4 $14 (15. Nd3 c4 $1)) 14... Nc6 15. Rc1 $14 Nxe5 16. dxe5 Ne4 17. Qg4 $36 (
17. e6) 17... g6 18. Rfd1 (
18. h4 Qc8) (18. e6 f5 19. Qe2 Qc8 $2 20. Bxe4 fxe4
21. Qg4) 18... Qc8 $1 19. e6 f5 20. Qh3 $5 (20. Qe2 $142 Bg5 21. f3
Nd6 22. Nxd5) 20... Bg5 $4 (20... Bf6 $8 {Le seul coup pour
parer la menace Qh8}) 21. Nxg6 $2 {[%emt 0:10:27] Avec 20 mns à la pendule
pour jouer 20 coups, la pression du temps commençait à se faire sentir mais
les Blancs vont se tromper dans l'ordre de coups} (21. Bxe4 $8 {Un coup
intermédiaire indispensable afin d'éviter un repli Bf6 ou Nf6} dxe4 (21...
fxe4 22. Nxg6) 22. Rxd8+ Qxd8 23. Nxg6 $18 ) 21... Qxe6 22. Nf4 Qf7 23. Bf3 (23. Nd3 ) 23... Bxf4 24. Bh5 (
24. gxf4 ) 24... Qe6 25. gxf4 {
[%emt 0:01:01] Malgré la paire de B , les Blancs ont perdu tout avantage et
ils préfèrent proposer la nulle avant de continuer à détériorer leur
position.} 1/2-1/2

[Event "Sitges Sunway op 3rd"]
[Site "Sitges"]
[Date "2016.12.20"]
[Round "6"]
[White "Romanov, Evgeny"]
[Black "Granda Zuniga, Julio E"]
[Result "1-0"]
[ECO "E18"]
[WhiteElo "2622"]
[BlackElo "2646"]
[Annotator "Romanov,E"]
[PlyCount "69"]
[EventDate "2016.12.16"]
[EventType "swiss"]
[EventRounds "9"]
[EventCountry "ESP"]
[SourceTitle "EXT 2019"]
[Source "ChessBase"]
[SourceDate "2018.10.10"]
[SourceVersion "1"]
[SourceVersionDate "2018.10.10"]
[SourceQuality "1"]
[TimeControl "5400+30"]
[WhiteClock "0:02:21"]
[BlackClock "0:08:35"]

{I came to Catalonia some days after the tournament in Rome, which I
successfully managed to win. Of course, it brought positive emotions, but
energy level, whenever you're playing in several tournaments in a row, goes
down. I had to keep this fact in mind before every game in Sitges, but
unfortunately, some strange and ridiculous mistakes have been done during 4th
hour of several games... Therefore I'd like to thank organizers for perfect
conditions they provide us with! Not many strong open events held in beautiful
resort hotels on the seaside with an opportunity to watch waves and sunset
directly from playing venue!} 1. d4 Nf6 2.
Nf3 e6 3. c4 b6 4. g3 Bb7 {[%emt 0:00:45] The game vs legend Julio
Granda was played in round 6. We shared 1st place with 4.5 points before this
game. I can't say my mood and emotions were good enough. The reason of this is
the previous game with GM Lopez Martinez Josep Manuel (who played decent chess
in this tournament from my perspective), where I destroyed absolutely normal
position with a couple of blunders and won the game only because of luck. So,
the plan vs Julio was to play calm chess, not entering into huge complications
and trying to get a little plus.} 5. Bg2 Be7 6. O-O O-O 7. Nc3 Ne4 8. Bd2 Bf6 9. Rc1 {[%emt 0:
00:14] This opening takes a leading position in the recent repertoire of my
opponent. But before next move, he turned into deep thought. Definitely, he
tried to avoid my preparation in his usual line with 9...d6. But maybe the
choice of black is not the best.} c5 10. d5 exd5 11. cxd5 Bxc3 $6 ({
11...Nd2 happened in some GMs games. But from my humble perspective after} 
11... Nxd2 12. Nxd2 d6 13. Nde4 Be7 14. f4 $1 {white's play is easier, that
was proved by Magnus on last Olympiad.} f5 15. Nf2 Ba6 16. a4 Bf6 17. Re1 Nd7
18. e3 Rb8 19. Qc2 g6 20. Nb5 Bxb5 21. axb5 Bg7 22. Bh3 Kh8 23. e4 g5 24. fxg5
f4 25. Bf5 fxg3 26. Nh3 gxh2+ 27. Kh1 Be5 28. Qe2 Rf7 29. Rc2 Rg7 30. Rf1 Qe8
31. Qd3 Nf8 32. Rg2 Ng6 33. Bxg6 Qxg6 34. Nf4 Bxf4 35. Rxf4 Qh5 36. Qc3 Kg8 37.
Qf6 Rf7 38. Qe6 Rbf8 39. Rgf2 c4 40. g6 Qd1+ 41. Rf1 {1-0 (41) Carlsen,M (2857)
-Cordova,E (2638) Baku AZE 2016}) 12. Bxc3 d6 {[%emt 0:05:28]
The black's plan is doubtful but understandable. He'd like to advance pawns
on q-side controlling the centre at the same time. In case of success, the
light-squared strategy of black might get very dangerous. However, I had a
feeling, that exchange of Benoni bishop can't promise black equal chances.} 13.
Be1 $1 {[%emt 0:01:33] Beginning of the plan in memory of Mark Dvoretsky. Both
black knights tend to control e4 square and attack d5 pawn. It reminded me the
conception of the extra piece- even (White Bishop on dark squares has no
opponent!). Also, 13. Nd2 would have given white easy play.} Re8 14. Nh4 $1 Ba6 $5 {[%emt 0:07:32] Here black had
realized my ambitions and try to make e4 difficult.} (14... Nd7 15. f3 Nef6 16.
e4 Ba6 17. Rf2 Ne5 18. Rc3 {-leads to the same type of position, but B on c1
is arrested for some more moves} b5 19. Bf1 $1 Qb6 (19... b4 20. Bxa6 bxc3 21.
Bxc3 $16) 20. b4 $1 {-and white is winning the fight for control over dark
squares}) 15. f3 Nf6 16. Rf2 Nbd7 17. Bc3 {[%emt 0:06:14] This will give tempo when the b
pawn advances but bishop must take a diagonal!} b5 18. b3 b4 19. Ba1 {[%emt 0:00:06] Here on next move
I seriously considered c4, as it is the only one active and fast plan for
counterplay. But it seems it doesn't give black enough compensation.} Ne5 (19... c4 20. bxc4 Ne5 21. e4 Nxc4 (21... Rc8 22. Nf5 Bxc4 23.
Rfc2 Ba6 24. f4 Rxc2 25. Rxc2 Nd3 26. Bf1 $18) 22. Bxf6 $1 Qxf6 23. Qa4 $18)
20. Qd2 Bc8 {[%emt 0:14:25] Protecting f5.} (20... c4 21. Qxb4
Nxd5 (21... cxb3 22. Qxb3) 22. Qd2 Nf6 23. Nf5 d5 24. Qg5 Ng6 25. bxc4 dxc4 26.
e4 $16 {With complete domination}) 21. e4 Qb6 $5 {[%emt 0:07:
48] The problem of black is f4 coming at once.} 22. h3 (22. f4
$6 Neg4 23. Re2 c4+ 24. Bd4 c3 $1 25. Qd1 Qd8 $13) 22... a5 23. f4 Ng6 {[%emt 0:03:09] Easy to see without exact
calculation, that black's play is too late.White gained maximum from their
position, and it's time for crucial attack now.} (23... Ned7 24. Re1 a4 25. e5
$18) 24. e5 Nxh4 25. gxh4 Nh5 {[%emt 0:00:02] To be honest my energy was very low at this moment already,
and I missed a couple of my opponent's options, giving him practical chances..}
26. Bf3 $2 (26. Kh2 $2 Qd8 $1 {-first blunder}) (26. e6 {
-was declined, because of following} fxe6 27. dxe6 Bxe6 28. f5 (28. Bf3 $1 Bf7
29. Bxh5 Bxh5 30. Qd5+ Bf7 31. Qg5 $18 {-was also missed}) 28... Bf7 29. Bxa8
Rxa8 30. Rg2 d5 {-with practical chances for black}) (26. Qd1 $3 {-the simplest
} Ng3 (26... g6 27. e6 fxe6 (27... f5 28. Qd2 Ra7 29. Qb2 Ng7 30. h5 $18) 28.
dxe6 Bxe6 29. f5 Bf7 30. fxg6 hxg6 31. Rxf7 $1 $18) 27. e6 Nf5 28. Qh5 g6 29.
exf7+ $18) 26... Ng3 27. e6 fxe6 $4 {[%emt 0:
05:22] This is exactly what white was hoping for. Both bishops are in play now.
} (27... Nf5 $1 {-second missed opportunity} 28. Re1 fxe6 29. dxe6 Bb7 30. Bg4
Qc6 31. Kh2 Nd4 32. f5 {must be also completely winning for white, however, it
could be not easy over the board to allow the knight to jump on d4 :)}) 28.
dxe6 Bb7 (28... Bxe6 29. f5 {I suppose in
calculations black missed,that after} Nxf5 30. Bxa8 Rxa8 31. Rxf5 $1 {is coming
} Bxf5 32. Qd5+ $18) 29. f5 Bxf3 30. Qg5 $1 {
[%emt 0:00:57] Intermediate move destroys all black's hopes!} Ra7 (30... Nxf5 31. Qxf5 Rf8 32. Qg5 Qb7 33. Rcf1 h6 34. Qg3 Rae8 (34... Bd5
35. Rf7) 35. Qxd6 a4 36. Qd7 $18 {Black is losing his bishop anyway}) 31. Qxg3 Be4 32. f6 Rxe6 33. fxg7 $1 Ra8 34. Rcf1 c4 35. Kh2 1-0